 Dungeon Sprint DCSS version 0.20.1-1-g8b1a95d (webtiles) character file.

129 Kingsmith the Summoner (level 4, -9/24 HPs)
             Began as a Deep Elf Summoner on Dec 14, 2017.
             Was a Believer of Sif Muna.
             Killed from afar by a rime drake (shapeshifter) (18 damage)
             ... with a flash freeze
             ... in the Dungeon (Sprint V: "Ziggurat Sprint").
             The game lasted 00:01:46 (337 turns).

Kingsmith the Summoner (Deep Elf Summoner)           Turns: 337, Time: 00:01:49

Health: -9/24      AC:  2    Str:  6    XL:     4   Next: 88%
Magic:  10/22      EV: 13    Int: 26    God:    Sif Muna [**....]
Gold:   0          SH:  0    Dex: 15    Spells: 2/19 levels left

rFire    . . .     SeeInvis .   o - +6 Majin-Bo {vamp, Archmagi MP+6 Int+6}
rCold    . . .     Gourm    .   (shield currently unavailable)
rNeg     . . .     Faith    .   a - +0 robe
rPois    .         Spirit   .   (no helmet)
rElec    .         Reflect  .   (no cloak)
rCorr    .         Harm     .   (no gloves)
MR       .....     NoTele   +   (no boots)
Stlth    ++........             (no amulet)
Regen    0.1/turn               (no ring)
MPRegen  0.2/turn               (no ring)

@: no status effects
A: no striking features
a: Divine Energy, Renounce Religion


You were in the Dungeon.
You worshipped Sif Muna.
Sif Muna was pleased with you.
You were not hungry.

You visited 1 branch

Inventory:

Hand Weapons
 o - the +6 Majin-Bo (weapon) {vamp, Archmagi MP+6 Int+6}
   (You found it in the Dungeon)

   It inflicts no extra harm, but heals its wielder when it wounds a living foe.
   It affects your intelligence (+6).
   It affects your magic capacity (+6).
Armour
 a - a +0 robe (worn)
Wands
 j - a wand of disintegration (7/24)
 k - a wand of iceblast (5/15)
 l - a wand of lightning (5/15)
 m - a wand of acid (5/15)
Scrolls
 i - 4 scrolls of blinking
 r - 4 scrolls of amnesia
 s - 3 scrolls of recharging
 t - 7 scrolls of fog
 u - a scroll of holy word
 v - 5 scrolls of identify
 w - 5 scrolls of remove curse
 x - 2 scrolls of fear
Potions
 d - 10 potions of curing
 e - 10 potions of heal wounds
 f - 6 potions of haste
 g - 7 potions of magic
 h - 3 potions of berserk rage
 z - 2 potions of brilliance
 A - 2 potions of invisibility
 B - 4 potions of resistance
 D - 5 potions of agility
 E - 5 potions of might
Books
 b - a book of Callings

   Spells                             Type                      Level
   a - Summon Small Mammal            Summoning                    1
   b - Call Imp                       Summoning                    2
   c - Call Canine Familiar           Summoning                    3
   d - Summon Guardian Golem          Hexes/Summoning              3
   e - Summon Lightning Spire         Summoning/Air                4
   f - Summon Ice Beast               Ice/Summoning                4
Miscellaneous
 n - a crystal ball of energy
 y - a lightning rod (1/4)
Comestibles
 c - 5 bread rations
 p - 40 fruits
 q - 4 meat rations


   Skills:
 - Level 2.4 Dodging
 - Level 2.4 Stealth
 - Level 8.0 Spellcasting
 + Level 9.3 Summonings
 - Level 6.0 Evocations


You had 2 spell levels left.
You knew the following spells:

 Your Spells              Type           Power        Failure   Level  Hunger
a - Summon Small Mammal   Summ           ####         1%          1    None
b - Call Imp              Summ           ######..     1%          2    None
c - Call Canine Familiar  Summ           ######..     1%          3    None
d - Summon Guardian Gole  Hex/Summ       ######..     2%          3    None
e - Summon Ice Beast      Ice/Summ       ######..     9%          4    ##.....
f - Summon Lightning Spi  Summ/Air       ######..     9%          4    ##.....


Dungeon Overview and Level Annotations

Branches:
Dungeon (1/1)

Altars:
Ashenzari
Cheibriados
Dithmenos
Elyvilon
Fedhas
Gozag
Hepliaklqana
Kikubaaqudgha
Makhleb
Nemelex Xobeh
Okawaru
Qazlal
Ru
Sif Muna
Trog
Uskayaw
Vehumet
Xom
Yredelemnul
Zin
The Shining One
Beogh
Jiyva
Lugonu

Annotations:
D 1 transporter


Message History

Cast which spell? (? or * to list)
You feel a surge of power! A chill wind blows around you.
The warg howls!
The warg changes into a black bear!
Casting: Summon Ice Beast
Confirm with . or Enter, or press ? or * to list all spells.
You feel a surge of power! A chill wind blows around you.
The wyvern changes into an ice beast!
The water moccasin bites you.
Your ice beast hits the water moccasin but does no damage.
The ice beast changes into a rime drake!
The water moccasin barely misses you.
Your ice beast hits the water moccasin.
Your ice beast freezes the water moccasin!!
Casting: Summon Ice Beast
Confirm with . or Enter, or press ? or * to list all spells.
You feel a surge of power! A chill wind blows around you.
The water moccasin changes into a basilisk!
The rime drake breathes ice at you. The flash freeze hits you!
Ouch! That really hurt!
You die...

▓▓▓▓▓▓▓▓▓▓▓▓▓
▓.8©8.▓.8©8.▓
▓.)=[.▓.....▓
▓.....▓.).).▓
▓.h...▓.....▓
▓..k.Y▓.....▓
▓.Yl..▓.....▓
▓.Y.@.▓▓▓▓▓▓▓
▓▓▓▓▓▓▓


You could see a basilisk shaped shifter, a rime drake shaped shifter, a black
bear shaped shifter and 3 friendly ice beasts.

Vanquished Creatures
  A porcupine (D)
  An iguana (D)
2 creatures vanquished.

Notes
Turn   | Place    | Note
-------+----------+-------------------------------------------
     0 | D        | Kingsmith the Deep Elf Summoner began the quest for the Orb.
     0 | D        | Reached XP level 1. HP: 10/10 MP: 6/6
     0 | D        | Found a deep blue altar of Sif Muna.
     0 | D        | Found a bloodstained altar of Trog.
     0 | D        | Found a sacrificial altar of Ru.
     0 | D        | Found a stormy altar of Qazlal.
     0 | D        | Found an iron altar of Okawaru.
     8 | D        | Became a worshipper of Sif Muna the Loreminder
    11 | D        | Found a sparkling altar of Nemelex Xobeh.
    12 | D        | Found a burning altar of Makhleb.
    12 | D        | Found a corrupted altar of Lugonu.
    12 | D        | Found an ancient bone altar of Kikubaaqudgha.
    12 | D        | Found a transporter.
    12 | D        | Found a viscous altar of Jiyva.
    19 | D        | Found a hazy altar of Hepliaklqana.
    34 | D        | Found an opulent altar of Gozag.
    35 | D        | Found a blossoming altar of Fedhas.
    41 | D        | Reached * piety under Sif Muna
    41 | D        | Reached skill level 9 in Summonings
    41 | D        | Reached XP level 2. HP: 15/15 MP: 8/8
    45 | D        | Learned a level 2 spell: Call Imp
   110 | D        | Entered arena 2.
   110 | D        | Noticed a porcupine
   110 | D        | Found a transporter.
   112 | D        | Reached XP level 3. HP: 19/19 MP: 11/11
   114 | D        | Killed a porcupine
   114 | D        | Reached ** piety under Sif Muna
   114 | D        | Reached XP level 4. HP: 9/24 MP: 16/16
   318 | D        | Learned a level 3 spell: Call Canine Familiar
   322 | D        | Learned a level 3 spell: Summon Guardian Golem
   327 | D        | Learned a level 4 spell: Summon Ice Beast
   332 | D        | Learned a level 4 spell: Summon Lightning Spire
   333 | D        | Entered arena 3.
   333 | D        | Noticed a water moccasin
   333 | D        | Noticed a warg
   333 | D        | Noticed a wyvern
   333 | D        | Found a transporter.
   334 | D        | Noticed a black bear
   334 | D        | a warg changed into a black bear
   335 | D        | Noticed an ice beast
   335 | D        | a wyvern changed into an ice beast
   336 | D        | Noticed a rime drake
   336 | D        | an ice beast changed into a rime drake
   337 | D        | Noticed a basilisk
   337 | D        | a water moccasin changed into a basilisk
   337 | D        | Killed from afar by a rime drake (shapeshifter)

Skill      XL: |  1  2  3 |
---------------+----------+-----
Summonings     | 9 |  9.3
Spellcasting   | 4 8 |  8.0
Evocations     | 2 6 |  6.0
Dodging        | |  2.4
Stealth        | |  2.4

Action                   |  1- 3 |  4- 6 || total
-------------------------+-------+-------++-------
Melee: Quarterstaff      |     1 |       ||     1
 Cast: Summon Ice Beast  |       |     3 ||     3
Evoke: Lightning rod     |     2 |     1 ||     3
  Use: Potion            |     1 |       ||     1
  Eat: Fruit             |     2 |       ||     2
       Chunk             |       |     1 ||     1
Dodge: Dodged            |     1 |     1 ||     2
